PAAA
TORTOLITA DRUMMERS @ THOMASVILLE LOOKOUTS
07/14/2018
 
TOP OF THE 1ST
Tortolita Drummers batting - Pitching for Thomasville Lookouts : RHP Austin Stewart
Pitching: RHP Austin Stewart
Batting: RHB Hunter Curtis 0-0: Ball
1-0: Ball
2-0: Fly out, F4 (Popup, 4MD)
Batting: LHB Aaron Givens 0-0: Fly out, F9 (Flyball, 89M)
Batting: RHB Bart Lewis 0-0: Ball
1-0: Foul Ball, location: 2F
1-1: Ball
2-1: Ball
3-1: Base on Balls
Batting: LHB Orlando Trevino 0-0: SINGLE (Groundball, 3L)
Bart Lewis to second
Throwing error, E9
Bart Lewis scores
Orlando Trevino to second
Batting: RHB Kevin Howard 0-0: Ball
1-0: Ball
2-0: Ball
3-0: Base on Balls
Batting: LHB Ryan Westlake 0-0: SINGLE (Groundball, 6MD)
Orlando Trevino to third
Kevin Howard to second
Runner from 3rd tries for Home, SAFE, no throw or cutoff
Batting: LHB Pat McJannett 0-0: Called Strike
0-1: Ball
1-1: Ball
2-1: Foul Ball, location: 2F
2-2: SINGLE (Groundball, 4M)
Kevin Howard to third
Ryan Westlake to second
Runner from 3rd tries for Home, SAFE, no throw or cutoff
Batting: RHB Caleb Mitchell 0-0: Swinging Strike
0-1: Called Strike
0-2: Fielders Choice at 2nd, 6-4 (Groundball, 6)
Top of the 1st over - 3 run(s), 3 hit(s), 1 error(s), 1 left on base; Tortolita 3 - Thomasville 0
BOTTOM OF THE 1ST
Thomasville Lookouts batting - Pitching for Tortolita Drummers : LHP Fernando Gómez
Pitching: LHP Fernando Gómez
Batting: LHB Chris West 0-0: Called Strike
0-1: Foul Ball, location: 2F
0-2: Fly out, F7 (Flyball, 7LS)
Batting: RHB Keith Best 0-0: SINGLE (Flyball, 7S)
Batting: RHB Chi-ju Zhang 0-0: Called Strike
0-1: SINGLE (Groundball, 6MD)
Keith Best to second
Runner from 2nd tries for 3rd, SAFE, no throw or cutoff
Batting: LHB Héctor Cortéz 0-0: Foul Ball, location: 2F
0-1: Foul Ball, location: 2F
0-2: Fielders Choice at 2nd, 6-4 (Groundball, 6M)
Keith Best scores
Batting: SHB Jared Jefferson 0-0: Called Strike
0-1: Ball
1-1: Called Strike
1-2: Ball
2-2: Foul Ball, location: 2F
2-2: Strikes out swinging
Bottom of the 1st over - 1 run(s), 2 hit(s), 0 error(s), 1 left on base; Tortolita 3 - Thomasville 1
TOP OF THE 2ND
Tortolita Drummers batting - Pitching for Thomasville Lookouts : RHP Austin Stewart
Batting: RHB Richard Ollivier 0-0: Foul Ball, location: 2F
0-1: Ball
1-1: Swinging Strike
1-2: Ball
2-2: SINGLE (Groundball, 56D)
Batting: RHB Hunter Curtis 0-0: Called Strike
0-1: Foul Ball, location: 2F
0-2: Ball
1-2: Ball
2-2: Strikes out swinging
Batting: LHB Aaron Givens 0-0: Fly out, F8 (Flyball, 8RD)
Batting: RHB Bart Lewis 0-0: Ball
1-0: Ball
2-0: Foul Ball, location: 2F
2-1: Swinging Strike
2-2: Foul Ball, location: 2F
2-2: Ground out 3-1 (Groundball, 34S)
Top of the 2nd over - 0 run(s), 1 hit(s), 0 error(s), 1 left on base; Tortolita 3 - Thomasville 1
BOTTOM OF THE 2ND
Thomasville Lookouts batting - Pitching for Tortolita Drummers : LHP Fernando Gómez
Batting: SHB Artie Hemming 0-0: SINGLE (Groundball, 5D)
Batting: SHB Juan Gil 0-0: Called Strike
0-1: Swinging Strike
0-2: SINGLE (Line Drive, 4MD)
Artie Hemming to second
Batting: SHB Gustavo Fuentes 0-0: Ball
1-0: Grounds into double play, U6-3 (Groundball, 6)
Artie Hemming to third
Batting: SHB Adrián Pueblo 0-0: Foul Ball, location: 2F
0-1: Ball
1-1: Foul Ball, location: 2F
1-2: Ball
2-2: Strikes out swinging
Bottom of the 2nd over - 0 run(s), 2 hit(s), 0 error(s), 1 left on base; Tortolita 3 - Thomasville 1
TOP OF THE 3RD
Tortolita Drummers batting - Pitching for Thomasville Lookouts : RHP Austin Stewart
Batting: LHB Orlando Trevino 0-0: Ball
1-0: Ball
2-0: Swinging Strike
2-1: Ground out 4-3 (Groundball, 4)
Batting: RHB Kevin Howard 0-0: Foul Ball, location: 2F
0-1: Ball
1-1: Ground out U3 (Groundball, 3)
Batting: LHB Ryan Westlake 0-0: Ball
1-0: Ball
2-0: Ball
3-0: Called Strike
3-1: Foul Ball, location: 2F
3-2: Foul Ball, location: 2F
3-2: Base on Balls
Batting: LHB Pat McJannett 0-0: Ball
1-0: SINGLE (Line Drive, 78S)
Ryan Westlake to second
Batting: RHB Caleb Mitchell 0-0: Called Strike
0-1: Swinging Strike
0-2: Strikes out swinging
Top of the 3rd over - 0 run(s), 1 hit(s), 0 error(s), 2 left on base; Tortolita 3 - Thomasville 1
BOTTOM OF THE 3RD
Thomasville Lookouts batting - Pitching for Tortolita Drummers : LHP Fernando Gómez
Batting: LHB Chris West 0-0: Ball
1-0: Ball
2-0: SINGLE (Line Drive, 4M)
Batting: RHB Keith Best 0-0: Foul Ball, location: 2F
0-1: Grounds into double play, 5-4-3 (Groundball, 5L)
Batting: RHB Chi-ju Zhang 0-0: Swinging Strike
0-1: Ball
1-1: Ball
2-1: Swinging Strike
2-2: Ball
3-2: Base on Balls
Batting: LHB Héctor Cortéz 0-0: DOUBLE (Line Drive, 3D)
Chi-ju Zhang to third
Runner from 3rd tries for Home, SAFE, no throw or cutoff
Batting: SHB Jared Jefferson 0-0: Called Strike
0-1: Called Strike
0-2: Strikes out swinging
Bottom of the 3rd over - 1 run(s), 2 hit(s), 0 error(s), 1 left on base; Tortolita 3 - Thomasville 2
TOP OF THE 4TH
Tortolita Drummers batting - Pitching for Thomasville Lookouts : RHP Austin Stewart
Batting: RHB Richard Ollivier 0-0: Called Strike
0-1: Ball
1-1: Ball
2-1: Ball
3-1: Base on Balls
Batting: RHB Hunter Curtis 0-0: Foul Ball, location: 2F
0-1: Swinging Strike
0-2: Ball
1-2: Ball
2-2: SINGLE (Groundball, 56D)
Richard Ollivier to second
Batting: LHB Aaron Givens 0-0: Called Strike
0-1: Ball
1-1: Ball
2-1: Swinging Strike
2-2: Ball
3-2: Foul Ball, location: 2F
3-2: Base on Balls
Richard Ollivier to third
Hunter Curtis to second
Batting: RHB Bart Lewis 0-0: Fly out, F8 (Line Drive, 8LD)
Runner from 3rd tags up, SCORES, no throw
Batting: LHB Orlando Trevino 0-0: Ball
1-0: Called Strike
1-1: Ball
2-1: Ball
3-1: Base on Balls
Hunter Curtis to third
Aaron Givens to second
Batting: RHB Kevin Howard 0-0: Called Strike
0-1: Ball
1-1: Ball
2-1: GRAND SLAM HOME RUN (Flyball, 7D), Distance : 384 ft
Pitching: RHP Jeff Dixon
Batting: LHB Ryan Westlake 0-0: Foul Ball, location: 2F
0-1: Ball
1-1: Swinging Strike
1-2: Ball
2-2: Ball
3-2: Base on Balls
Batting: LHB Pat McJannett 0-0: Called Strike
0-1: Grounds into double play, 5-4-3 (Groundball, 56)
Top of the 4th over - 5 run(s), 2 hit(s), 0 error(s), 0 left on base; Tortolita 8 - Thomasville 2
BOTTOM OF THE 4TH
Thomasville Lookouts batting - Pitching for Tortolita Drummers : LHP Fernando Gómez
Batting: SHB Artie Hemming 0-0: Ball
1-0: Ball
2-0: Ball
3-0: Called Strike
3-1: Fly out, F8 (Flyball, 78M)
Batting: SHB Juan Gil 0-0: Called Strike
0-1: Ball
1-1: Swinging Strike
1-2: Foul Ball, location: 2F
1-2: Fly out, F4 (Popup, 34D)
Batting: SHB Gustavo Fuentes 0-0: Ball
1-0: Swinging Strike
1-1: Called Strike
1-2: Ball
2-2: SINGLE (Groundball, 4M)
Batting: SHB Adrián Pueblo 0-0: Called Strike
0-1: SINGLE (Flyball, 9LS)
Gustavo Fuentes to second
Runner from 2nd tries for 3rd, SAFE, no throw or cutoff
Batting: LHB Chris West 0-0: Called Strike
0-1: Fielders Choice at 2nd, U6 (Groundball, 6M)
Bottom of the 4th over - 0 run(s), 2 hit(s), 0 error(s), 2 left on base; Tortolita 8 - Thomasville 2
TOP OF THE 5TH
Tortolita Drummers batting - Pitching for Thomasville Lookouts : RHP Jeff Dixon
Batting: RHB Caleb Mitchell 0-0: Called Strike
0-1: Foul Ball, location: 2F
0-2: Strikes out looking
Batting: RHB Richard Ollivier 0-0: Called Strike
0-1: Ball
1-1: Ball
2-1: Swinging Strike
2-2: Fly out, F6 (Popup, 6M)
Batting: RHB Hunter Curtis 0-0: Called Strike
0-1: Foul Ball, location: 2F
0-2: Ball
1-2: Foul Ball, location: 2F
1-2: Ground out 5-3 (Groundball, 56)
Top of the 5th over - 0 run(s), 0 hit(s), 0 error(s), 0 left on base; Tortolita 8 - Thomasville 2
BOTTOM OF THE 5TH
Thomasville Lookouts batting - Pitching for Tortolita Drummers : LHP Fernando Gómez
Batting: RHB Keith Best 0-0: Called Strike
0-1: SINGLE (Line Drive, 6M)
Batting: RHB Chi-ju Zhang 0-0: Fly out, F3 (Popup, 3S)
Batting: LHB Héctor Cortéz 0-0: 2-RUN HOME RUN (Flyball, 9D), Distance : 336 ft
Batting: SHB Jared Jefferson 0-0: SINGLE (Line Drive, 8LS)
Batting: SHB Artie Hemming 0-0: Called Strike
0-1: SINGLE (Groundball, 6D)
Jared Jefferson to second
Batting: SHB Juan Gil 0-0: Ball
1-0: Ball
2-0: Called Strike
2-1: Ground out 3-1 (Groundball, 34)
Jared Jefferson to third
Artie Hemming to second
Batting: SHB Gustavo Fuentes 0-0: Ball
1-0: Fly out, F4 (Popup, 3F)
Bottom of the 5th over - 2 run(s), 4 hit(s), 0 error(s), 2 left on base; Tortolita 8 - Thomasville 4
TOP OF THE 6TH
Tortolita Drummers batting - Pitching for Thomasville Lookouts : RHP Jeff Dixon
Batting: LHB Aaron Givens 0-0: Swinging Strike
0-1: Foul Ball, location: 2F
0-2: Strikes out looking
Batting: RHB Bart Lewis 0-0: Foul Ball, location: 2F
0-1: Ball
1-1: Ball
2-1: Foul Ball, location: 2F
2-2: Ball
3-2: SINGLE (Groundball, 5L)
Batting: LHB Orlando Trevino 0-0: Fielders Choice at 2nd, 4-6 (Groundball, 4)
Batting: RHB Kevin Howard 0-0: Called Strike
0-1: Foul Ball, location: 2F
0-2: Ball
1-2: Ball
2-2: Foul Ball, location: 2F
2-2: Foul Ball, location: 2F
2-2: SINGLE (Groundball, 56D)
Orlando Trevino to second
Batting: LHB Ryan Westlake 0-0: Foul Ball, location: 2F
0-1: Ball
1-1: Ball
2-1: Ball
3-1: SINGLE (Groundball, 4MD)
Orlando Trevino to third
Kevin Howard to second
Runner from 3rd tries for Home, SAFE, no throw or cutoff
Batting: LHB Pat McJannett 0-0: Called Strike
0-1: Ball
1-1: Ball
2-1: Foul Ball, location: 2F
2-2: Strikes out swinging
Top of the 6th over - 1 run(s), 3 hit(s), 0 error(s), 2 left on base; Tortolita 9 - Thomasville 4
BOTTOM OF THE 6TH
Thomasville Lookouts batting - Pitching for Tortolita Drummers : LHP Fernando Gómez
Batting: SHB Adrián Pueblo 0-0: Swinging Strike
0-1: Called Strike
0-2: Ball
1-2: Ball
2-2: Ball
3-2: Strikes out looking
Batting: LHB Chris West 0-0: Ball
1-0: Ball
2-0: Foul Ball, location: 2F
2-1: Ball
3-1: Ground out 4-3 (Groundball, 4)
Batting: RHB Keith Best 0-0: Called Strike
0-1: Bunt missed!
0-2: Ball
1-2: Foul Ball, location: 2F
1-2: Fly out, F8 (Flyball, 8RS)
Bottom of the 6th over - 0 run(s), 0 hit(s), 0 error(s), 0 left on base; Tortolita 9 - Thomasville 4
TOP OF THE 7TH
Tortolita Drummers batting - Pitching for Thomasville Lookouts : RHP Jeff Dixon
Pitching: RHP Rich Wright
Batting: RHB Caleb Mitchell 0-0: Foul Ball, location: 2F
0-1: Ball
1-1: Foul Ball, location: 2F
1-2: Foul Ball, location: 2F
1-2: Ground out 5-3 (Groundball, 5)
Batting: RHB Richard Ollivier 0-0: Ball
1-0: Ball
2-0: Called Strike
2-1: Called Strike
2-2: Ball
3-2: Foul Ball, location: 2F
3-2: Foul Ball, location: 2F
3-2: Base on Balls
Batting: RHB Hunter Curtis 0-0: Called Strike
0-1: Called Strike
0-2: Strikes out swinging
Batting: LHB Aaron Givens 0-0: Ball
1-0: Ball
2-0: Fly out, F9 (Line Drive, 9M)
Top of the 7th over - 0 run(s), 0 hit(s), 0 error(s), 1 left on base; Tortolita 9 - Thomasville 4
BOTTOM OF THE 7TH
Thomasville Lookouts batting - Pitching for Tortolita Drummers : LHP Fernando Gómez
Batting: RHB Chi-ju Zhang 0-0: Ball
1-0: Swinging Strike
1-1: Foul Ball, location: 2F
1-2: Ball
2-2: Ball
3-2: Base on Balls
Batting: LHB Héctor Cortéz 0-0: Foul Ball, location: 2F
0-1: Ball
1-1: Ball
2-1: Swinging Strike
2-2: Grounds into double play, 6-4-3 (Groundball, 6M)
Batting: SHB Jared Jefferson 0-0: Ground out 6-3 (Groundball, 6)
Bottom of the 7th over - 0 run(s), 0 hit(s), 0 error(s), 0 left on base; Tortolita 9 - Thomasville 4
TOP OF THE 8TH
Tortolita Drummers batting - Pitching for Thomasville Lookouts : RHP Rich Wright
Batting: RHB Bart Lewis 0-0: Called Strike
0-1: Reached on Error, E4 (Popup, 9S)
Batting: LHB Orlando Trevino 0-0: Called Strike
0-1: Swinging Strike
0-2: Ball
1-2: Ball
2-2: Ball
3-2: Fly out, F9 (Line Drive, 9S)
Batting: RHB Kevin Howard 0-0: Ball
1-0: 2-RUN HOME RUN (Flyball, 78XD), Distance : 404 ft
Batting: LHB Ryan Westlake 0-0: Reached on Error, E7 (Flyball, 7LM)
Batting: LHB Pat McJannett 0-0: Called Strike
Ryan Westlake is caught stealing 2nd base
0-1: Fly out, F8 (Flyball, 8LM)
Top of the 8th over - 2 run(s), 1 hit(s), 2 error(s), 0 left on base; Tortolita 11 - Thomasville 4
BOTTOM OF THE 8TH
Thomasville Lookouts batting - Pitching for Tortolita Drummers : LHP Fernando Gómez
Batting: SHB Artie Hemming 0-0: Ball
1-0: Ball
2-0: Called Strike
2-1: Fly out, F8 (Flyball, 8RM)
Batting: SHB Juan Gil 0-0: Ball
1-0: Called Strike
1-1: Ground out 4-3 (Groundball, 4)
Batting: SHB Gustavo Fuentes 0-0: Foul Ball, location: 2F
0-1: Ball
1-1: Fly out, F8 (Flyball, 8LM)
Bottom of the 8th over - 0 run(s), 0 hit(s), 0 error(s), 0 left on base; Tortolita 11 - Thomasville 4
TOP OF THE 9TH
Tortolita Drummers batting - Pitching for Thomasville Lookouts : RHP Rich Wright
Batting: RHB Caleb Mitchell 0-0: Ball
1-0: Ball
2-0: Called Strike
2-1: Swinging Strike
2-2: Strikes out looking
Batting: RHB Richard Ollivier 0-0: Ball
1-0: Ball
2-0: Fly out, F7 (Flyball, 78M)
Batting: RHB Hunter Curtis 0-0: Ball
1-0: Ball
2-0: Ball
3-0: Base on Balls
Batting: LHB Aaron Givens 0-0: Foul Ball, location: 2F
0-1: Ball
1-1: Ground out 4-3 (Groundball, 4)
Top of the 9th over - 0 run(s), 0 hit(s), 0 error(s), 1 left on base; Tortolita 11 - Thomasville 4
BOTTOM OF THE 9TH
Thomasville Lookouts batting - Pitching for Tortolita Drummers : LHP Fernando Gómez
Batting: SHB Adrián Pueblo 0-0: Ball
1-0: Called Strike
1-1: Ground out 4-3 (Groundball, 34)
Batting: LHB Chris West 0-0: Ball
1-0: Ground out 6-3 (Groundball, 6M)
Batting: RHB Keith Best 0-0: Called Strike
0-1: Foul Ball, location: 2F
0-2: Ball
1-2: Ball
2-2: Fly out, F9 (Flyball, 9LM)
Bottom of the 9th over - 0 run(s), 0 hit(s), 0 error(s), 0 left on base; Tortolita 11 - Thomasville 4
This league is powered by Out of the Park Baseball, the baseball management simulation game for PC, Mac and Linux
Monday, May 4th, 2015 - OOTP Baseball 15.6 Build 34